 Dungeon Crawl Stone Soup version 0.20-a0-61-ga1b20b4 (webtiles) character file.

84 Faca the Chopper (level 4, -1/37 HPs)
             Began as a Formicid Berserker on Nov 18, 2016.
             Was a Believer of Trog.
             Slain by Crazy Yiuf
             ... wielding a +3 quarterstaff of chaos
              (8 damage)
             ... on level 3 of the Dungeon.
             The game lasted 00:10:28 (1587 turns).

Faca the Chopper (Formicid Berserker)               Turns: 1587, Time: 00:10:29

Health: -1/37      AC:  9    Str: 21    XL:     4   Next: 74%
Magic:  2/4        EV:  8    Int:  7    God:    Trog [**....]
Gold:   86         SH:  0    Dex: 11    Spells: 0 memorised, 3 levels left

rFire  + . .     SeeInvis +     e - +0 hand axe
rCold  x . .     Gourm    .     i - +0 chain mail
rNeg   . . .     Faith    .     (no shield)
rPois  .         Spirit   .     (helmet unavailable)
rElec  .         Reflect  .     (no cloak)
rCorr  .         Harm     .     (no gloves)
MR     .....                    (no boots)
Stlth  ..........               (no amulet)
                                (no ring)
                                h - ring of fire

@: lethally poisoned (-1 -> -7)
A: permanent stasis, dig shafts and tunnels, four strong arms, antennae 3
a: Dig, Shaft Self, Trog's Hand, Burn Spellbooks, Renounce Religion


You were on level 3 of the Dungeon.
You worshipped Trog.
Trog was pleased with you.
You were not hungry.

You visited 1 branch of the dungeon, and saw 3 of its levels.

You collected 86 gold pieces.

Inventory:

Hand Weapons
 e - a +0 hand axe (weapon)
Armour
 i - a +0 chain mail (worn)
Jewellery
 h - a ring of fire (left hand)
Scrolls
 g - a scroll of remove curse
 j - 3 scrolls of identify
Potions
 a - a potion of lignification {unknown}
 b - a potion of heal wounds {unknown}
 k - a potion of berserk rage {unknown}
Comestibles
 c - 3 bread rations
 d - a meat ration
 f - a beef jerky


   Skills:
 + Level 3.8 Fighting
 + Level 3.9 Axes
 + Level 2.8 Armour
 + Level 2.5 Dodging


You had 3 spell levels left.
You didn't know any spells.

Dungeon Overview and Level Annotations

Branches:
Dungeon (3/15)

Altars:

Annotations:
D:3 Crazy Yiuf


Innate Abilities, Weirdness & Mutations

You are under a permanent stasis effect.
You can dig through walls and to a lower floor.
Your four strong arms can wield two-handed weapons with a shield.
You have a pair of large antennae on your head. (SInv)


Message History

Crazy Yiuf hits you but does no damage.
Crazy Yiuf hits you with a quarterstaff of chaos.
Crazy Yiuf hits you with a quarterstaff of chaos!
You are electrocuted!
Crazy Yiuf says, "Pitchfork alas stair!"
Crazy Yiuf hits you with a quarterstaff of chaos.
Crazy Yiuf says, "Gum snockshim canine!"
Crazy Yiuf hits you with a quarterstaff of chaos!
* * * LOW HITPOINT WARNING * * *
Crazy Yiuf freezes you.
* * * LOW HITPOINT WARNING * * *
Crazy Yiuf hits you with a quarterstaff of chaos.
* * * LOW HITPOINT WARNING * * *
You turn to flesh and can move again.
You closely miss Crazy Yiuf.
Crazy Yiuf is severely wounded.
* * * LOW HITPOINT WARNING * * *
You feel sick.
Crazy Yiuf hits you with a quarterstaff of chaos!
You die...

#####
#..)#
#...#
#.g.# #@#
♣♣.♣ ♣.♣♣
♣♣.♣ ♣.♣♣
♣♣.♣♣ #.#
# ♣..P♣♣
###.# #.#
♣...P♣
...####.##
#....#


You could see Crazy Yiuf.

Vanquished Creatures
  3 adders (D:2)
  2 worms
  2 dart slugs (D:1)
  A leopard gecko (D:1)
  7 bats
  2 giant cockroaches (D:2)
  4 goblins
  5 hobgoblins
  10 jackals
  2 frilled lizards (D:1)
  3 kobolds
  3 rats
44 creatures vanquished.

Notes
Turn   | Place    | Note
-------+----------+-------------------------------------------
     0 | D:1      | Faca the Formicid Berserker began the quest for the Orb.
     0 | D:1      | Reached XP level 1. HP: 18/18 MP: 1/1
   279 | D:1      | Reached XP level 2. HP: 10/24 MP: 2/2
   755 | D:1      | Reached XP level 3. HP: 29/29 MP: 3/3
   836 | D:2      | Reached ** piety under Trog
   972 | D:2      | Reached XP level 4. HP: 34/37 MP: 4/4
  1569 | D:3      | Found a runed door.
  1573 | D:3      | Noticed Crazy Yiuf
  1587 | D:3      | Slain by Crazy Yiuf

Vault maps used:
D:1:      grunt_arrival_lava_bath
D:2:      minmay_door_path
D:3:      first_bread, nicolae_ru_great_annihilating_truth, uniq_natasha,
          uniq_sigmund, uniq_crazy_yiuf_cottage, uniq_robin

Skill      XL: |  1  2 |
---------------+-------+-----
Dodging        | 2 |  2.5
Fighting       | |  3.8
Axes           | |  3.9
Armour         | |  2.8

Action                   |  1- 3 |  4- 6 || total
-------------------------+-------+-------++-------
Melee: Hand axe          |   101 |    56 ||   157
  Use: Potion            |     2 |       ||     2
       Scroll            |     2 |     3 ||     5
  Eat: Royal jelly       |       |     1 ||     1
Armor: Animal skin       |     3 |       ||     3
       Scale mail        |    49 |       ||    49
       Leather armour    |     3 |       ||     3
       Chain mail        |     4 |    27 ||    31
Dodge: Dodged            |    77 |    32 ||   109
